 Dungeon Crawl Stone Soup version 0.21.3 (webtiles) character file.

273 ReteAZ the Grave Robber (level 6, 44/44 HPs)
             Began as a Gnoll Necromancer on Apr 3, 2020.
             Quit the game on level 4 of the Dungeon.
             The game lasted 00:07:09 (3462 turns).

ReteAZ the Grave Robber (Gnoll Necromancer)         Turns: 3462, Time: 00:07:10

Health: 44/44      AC:  2    Str: 11    XL:     6   Next: 24%
Magic:  13/13      EV: 15    Int: 19    God:
Gold:   144        SH:  0    Dex: 15    Spells: 10/15 levels left

rFire    . . .     SeeInvis .   p - +0 whip (venom)
rCold    . . .     Gourm    .   (no shield)
rNeg     . . .     Faith    .   a - +0 robe
rPois    .         Spirit   .   (no helmet)
rElec    .         Reflect  .   (no cloak)
rCorr    .         Harm     .   (no gloves)
MR       .....                  (no boots)
Stlth    +++.......             (no amulet)
HPRegen  0.14/turn              (no ring)
MPRegen  0.13/turn              (no ring)

@: no status effects
A: distributed training, fangs 1, strong nose
a: no special abilities


You were on level 4 of the Dungeon.
You were not hungry.

You visited 1 branch of the dungeon, and saw 4 of its levels.

You collected 144 gold pieces.

Inventory:

Hand Weapons
 e - a +0 spear
 p - a +0 whip of venom (weapon)
Missiles
 u - 4 poisoned tomahawks (quivered)
Armour
 a - a +0 robe (worn)
Jewellery
 r - an uncursed ring of protection from cold {unknown}
Scrolls
 d - 3 scrolls of remove curse {unknown}
 g - 3 scrolls of blinking {unknown}
 h - 3 scrolls of immolation {unknown}
 j - a scroll of amnesia {unknown}
 k - 2 scrolls of identify {unknown}
 m - a scroll of teleportation {unknown}
 s - a scroll of noise {unknown}
 t - a scroll of fog {unknown}
Potions
 f - 4 potions of heal wounds {unknown}
 i - a potion of berserk rage {unknown}
 l - 2 potions of invisibility {unknown}
 n - 3 potions of mutation {unknown}
 o - 2 potions of curing {unknown}
 q - a potion of ambrosia {unknown}
Books
 b - a book of Necromancy

   Spells                             Type                      Level
   a - Pain                           Necromancy                   1
   b - Animate Skeleton               Necromancy                   1
   c - Vampiric Draining              Necromancy                   3
   d - Regeneration                   Charms/Necromancy            3
   e - Animate Dead                   Necromancy                   4
   f - Borgnjor's Vile Clutch         Necromancy/Earth             5
Comestibles
 c - 6 rations


   Skills:
 + Level 1.8 Fighting
 + Level 1.8 Short Blades
 + Level 1.8 Long Blades
 + Level 1.8 Axes
 + Level 1.8 Maces & Flails
 + Level 1.8 Polearms
 + Level 1.8 Staves
 + Level 1.8 Slings
 + Level 1.8 Bows
 + Level 1.8 Crossbows
 + Level 1.8 Throwing
 + Level 1.8 Armour
 + Level 4.9 Dodging
 + Level 4.5 Stealth
 + Level 1.8 Shields
 + Level 1.8 Unarmed Combat
 + Level 5.3 Spellcasting
 + Level 1.4 Conjurations
 + Level 1.4 Hexes
 + Level 1.4 Charms
 + Level 1.4 Summonings
 + Level 7.2 Necromancy
 + Level 1.4 Translocations
 + Level 1.4 Transmutations
 + Level 1.4 Fire Magic
 + Level 1.4 Ice Magic
 + Level 1.4 Air Magic
 + Level 1.4 Earth Magic
 + Level 1.4 Poison Magic
 + Level 2.0 Invocations
 + Level 1.8 Evocations


You had 10 spell levels left.
You knew the following spells:

 Your Spells              Type           Power        Failure   Level  Hunger
a - Pain                  Necr           ####         1%          1    None
b - Animate Dead          Necr           N/A          6%          4    ####...


Dungeon Overview and Level Annotations

Branches:
Dungeon (4/15)
 Temple: D:4-7

Altars:
Dithmenos
Uskayaw
Wu Jian

Annotations:
D:2 1 exclusion
D:3 Grinder


Innate Abilities, Weirdness & Mutations

Your experience applies equally to all skills.
You have very sharp teeth.
Your uncanny sense of smell can sniff out nearby items.


Message History

You see here a goblin corpse.
Found 18 stones.
h - 3 scrolls labeled ACLYOLL MAELE (gained 1) Eating one of 3 chunks of flesh.
You eat one of the 3 chunks of flesh.
This raw flesh tastes terrible.
Found a stone staircase leading down.
There is a stone staircase leading down here.
Found a hide-covered altar of Uskayaw.
Found an ornate altar of the Wu Jian Council.
A centaur skeleton comes into view.
A centaur skeleton is nearby!
A centaur skeleton is nearby!
Casting: Pain
Confirm with . or Enter, or press ? or * to list all spells.
You can't see any susceptible monsters within range! (Use Z to cast anyway.) Unknown command.
You start waiting.
All of the chunks of flesh in your inventory have rotted away.
Done waiting.
Are you sure you want to abandon this character and quit the game? (Confirm with "yes".)

#.##............#
#.##............#
#.##............#
#.##............#
#.##............#
#.##............#
#.##.....########
#.##.....##########
#.#...........>@..#
#.##.....########.#
#.###############.#
#.# .........# #†#
...........Z... #)#
..........^.... #.#
............... #.#
...............
##'###
......._..⌠.._.


There were no monsters in sight!

Vanquished Creatures
  2 orc priests (D:3)
  An iguana (D:2)
  Terence (D:2)
  An orc wizard (D:4)
  Robin (D:4)
  4 adders
  An ooze (D:2)
  A worm (D:2)
  3 dart slugs
  A leopard gecko (D:4)
  6 orcs
  7 bats
  3 giant cockroaches (D:1)
  11 goblins
  11 hobgoblins
  2 quokkas
  A ball python (D:1)
  4 frilled lizards
  8 kobolds
  5 rats
74 creatures vanquished.

Notes
Turn   | Place    | Note
-------+----------+-------------------------------------------
     0 | D:1      | ReteAZ the Gnoll Necromancer began the quest for the Orb.
     0 | D:1      | Reached XP level 1. HP: 13/13 MP: 6/6
   122 | D:1      | Reached XP level 2. HP: 14/19 MP: 5/7
   609 | D:1      | Reached XP level 3. HP: 24/25 MP: 6/9
   633 | D:1      | Reached skill level 5 in Spellcasting
  1113 | D:2      | Reached skill level 1 in Invocations
  1147 | D:2      | Noticed Terence
  1183 | D:2      | Reached skill level 1 in Fighting
  1183 | D:2      | Reached skill level 1 in Short Blades
  1183 | D:2      | Reached skill level 1 in Long Blades
  1183 | D:2      | Reached skill level 1 in Axes
  1183 | D:2      | Reached skill level 1 in Maces & Flails
  1183 | D:2      | Reached skill level 1 in Polearms
  1183 | D:2      | Reached skill level 1 in Staves
  1183 | D:2      | Reached skill level 1 in Slings
  1183 | D:2      | Reached skill level 1 in Bows
  1183 | D:2      | Reached skill level 1 in Crossbows
  1183 | D:2      | Reached skill level 1 in Throwing
  1183 | D:2      | Reached skill level 1 in Armour
  1183 | D:2      | Reached skill level 1 in Shields
  1183 | D:2      | Reached skill level 1 in Unarmed Combat
  1183 | D:2      | Reached skill level 1 in Evocations
  1183 | D:2      | Reached XP level 4. HP: 29/32 MP: 6/11
  1249 | D:2      | Killed Terence
  1249 | D:2      | Reached skill level 1 in Conjurations
  1249 | D:2      | Reached skill level 1 in Hexes
  1249 | D:2      | Reached skill level 1 in Charms
  1249 | D:2      | Reached skill level 1 in Summonings
  1249 | D:2      | Reached skill level 1 in Translocations
  1249 | D:2      | Reached skill level 1 in Transmutations
  1249 | D:2      | Reached skill level 1 in Fire Magic
  1249 | D:2      | Reached skill level 1 in Ice Magic
  1249 | D:2      | Reached skill level 1 in Air Magic
  1249 | D:2      | Reached skill level 1 in Earth Magic
  1249 | D:2      | Reached skill level 1 in Poison Magic
  1481 | D:3      | Reached XP level 5. HP: 23/37 MP: 7/12
  1897 | D:3      | Learned a level 4 spell: Animate Dead
  1941 | D:3      | Noticed a phantom
  2391 | D:4      | Reached XP level 6. HP: 23/44 MP: 0/13
  2621 | D:4      | Found a shadowy altar of Dithmenos.
  2687 | D:4      | Noticed Grinder
  2696 | D:4      | Paralysed by Grinder for 3 turns
  3181 | D:4      | Noticed Robin
  3193 | D:4      | Killed Robin
  3355 | D:4      | Found a hide-covered altar of Uskayaw.
  3356 | D:4      | Found an ornate altar of the Wu Jian Council.
  3462 | D:4      | Quit the game

Skill      XL: |  1  2  3  4  5  6 |
---------------+-------------------+-----
Spellcasting   | 5 |  5.3
Invocations    | 1 2 |  2.0
Fighting       | 1 |  1.8
Short Blades   | 1 |  1.8
Long Blades    | 1 |  1.8
Axes           | 1 |  1.8
Maces & Flails | 1 |  1.8
Polearms       | 1 |  1.8
Staves         | 1 |  1.8
Slings         | 1 |  1.8
Bows           | 1 |  1.8
Crossbows      | 1 |  1.8
Throwing       | 1 |  1.8
Armour         | 1 |  1.8
Shields        | 1 |  1.8
Unarmed Combat | 1 |  1.8
Evocations     | 1 |  1.8
Conjurations   | 1 |  1.4
Hexes          | 1 |  1.4
Charms         | 1 |  1.4
Summonings     | 1 |  1.4
Translocations | 1 |  1.4
Transmutations | 1 |  1.4
Fire Magic     | 1 |  1.4
Ice Magic      | 1 |  1.4
Air Magic      | 1 |  1.4
Earth Magic    | 1 |  1.4
Poison Magic   | 1 |  1.4
Dodging        | |  4.9
Stealth        | |  4.5
Necromancy     | |  7.2

Action                   |  1- 3 |  4- 6 || total
-------------------------+-------+-------++-------
Melee: Whip              |       |    18 ||    18
       Bite              |       |     2 ||     2
 Cast: Pain              |    51 |    90 ||   141
       Animate Dead      |       |     2 ||     2
  Eat: Chunk             |     1 |     7 ||     8
Armor: Robe              |     1 |     5 ||     6
Dodge: Dodged            |     2 |    34 ||    36
